 Dungeon Crawl Stone Soup version 0.20.0 (webtiles) character file.

49 Somefellow the Skirmisher (level 3, -2/37 HPs)
             Began as a Troll Fighter on June 20, 2017.
             Slain by a gnoll
             ... wielding a +0 spear
              (4 damage)
             ... on level 2 of the Dungeon.
             The game lasted 00:01:45 (577 turns).

Somefellow the Skirmisher (Troll Fighter)            Turns: 577, Time: 00:01:45

Health: -2/37      AC:  5    Str: 25    XL:     3   Next: 53%
Magic:  2/2        EV:  8    Int:  4    God:
Gold:   46         SH:  8    Dex:  9    Spells: 2/2 levels left

rFire    . . .     SeeInvis .     - Unarmed
rCold    . . .     Gourm    +   b - +0 shield
rNeg     . . .     Faith    .   a - +0 robe
rPois    .         Spirit   .   (helmet restricted)
rElec    .         Reflect  .   (no cloak)
rCorr    .         Harm     .   (gloves unavailable)
MR       .....                  (boots unavailable)
Stlth    +.........             (no amulet)
Regen    0.6/turn               (no ring)
MPRegen  0.1/turn               (no ring)

@: no status effects
A: unfitting armour, claws 3, fast metabolism 3, gourmand, regeneration 1,
shaggy fur 1, tough skin 2
a: no special abilities


You were on level 2 of the Dungeon.
You were completely stuffed.

You visited 1 branch of the dungeon, and saw 2 of its levels.

You collected 46 gold pieces.

Inventory:

Armour
 a - a +0 robe (worn)
 b - a +0 shield (worn)
Scrolls
 e - 2 scrolls of magic mapping {unknown}
 i - a scroll of identify {unknown}
 j - a scroll of teleportation {unknown}
 l - a scroll of blinking {unknown}
 n - a scroll of amnesia {unknown}
Potions
 c - a potion of might
 d - 2 potions of curing {unknown}
 g - a potion of ambrosia {unknown}
 m - 2 potions of brilliance {unknown}
Comestibles
 f - a meat ration
 h - a royal jelly
 k - 4 fruits
 q - 2 bread rations


   Skills:
 + Level 3.0 Fighting
 + Level 2.7 Dodging
 + Level 2.6 Shields
 + Level 2.6 Unarmed Combat


You had 2 spell levels left.
You didn't know any spells.

Dungeon Overview and Level Annotations

Branches:
Dungeon (2/15)

Altars:


Innate Abilities, Weirdness & Mutations

You are too large for most types of armour.
You have claws for hands.
Your metabolism is lightning-fast.
You like to eat raw meat.
Your natural rate of healing is unusually fast.
You are covered in fur. (AC +1)
You have very tough skin. (AC +2)


Message History

You see here a dagger.
Found a blue potion and a hunting sling.
n - a scroll labeled HOYZUI OTILEL
Found 10 gold pieces.
Found a stone staircase leading up.
m - 2 blue potions (gained 1) 2 gnolls come into view.
The gnoll shouts! x2; You hear an angry hiss.
A gnoll comes into view. It is wielding a spear.
There are monsters nearby!
A frilled lizard comes into view.
The frilled lizard hisses angrily.
The gnoll shouts!
The gnoll hits you but does no damage.
You see here 10 gold pieces.
You closely miss the gnoll. The gnoll hits you. You block the gnoll's attack.
You claw the gnoll! The gnoll hits you.
The gnoll hits you from afar with a spear.
You block the gnoll's attack.
You scratch the gnoll.
You kill the gnoll!
Your Fighting skill increases to level 3!
You block the gnoll's attack. x2
You scratch the gnoll. You block the gnoll's attack.
You block the frilled lizard's attack. The gnoll completely misses you.
You claw the gnoll!
You kill the gnoll!
The gnoll hits you from afar with a spear.
You block the frilled lizard's attack.
You claw the frilled lizard!
You kill the frilled lizard!
You block the gnoll's attack.
A hobgoblin comes into view. It is wielding a club.
The hobgoblin shouts!
The gnoll barely misses you.
Things that are here:
a club; a gnoll corpse Your shield prevents you from hitting the gnoll.
The gnoll hits you with a spear.
You barely miss the gnoll. You block the gnoll's attack.
The gnoll hits you with a spear.
You closely miss the gnoll. You block the gnoll's attack.
You scratch the gnoll but do no damage. The gnoll hits you with a spear.
You barely miss the gnoll. You block the hobgoblin's attack.
The gnoll hits you with a spear!
* * * LOW HITPOINT WARNING * * *
The gnoll hits you from afar with a spear.
* * * LOW HITPOINT WARNING * * *
There is a stone staircase leading up here.
You block the hobgoblin's attack.
The gnoll hits you from afar with a spear.
You die...

#.. #.# # # #.# .#
##.#####.# .### ..
.........##..... ..
.......†..#..###.#.##.#
#g$........#..#.
#g#.#..........
#@#.#.####.#..#
#.#..#.####.#..####
#.###..........<>...
..# ##..####.....#.#
... ##..###.#.....)..
#.. #................
#. #.................
#. ###)####.......###
...# #####.###


You could see a gnoll and a hobgoblin.

Vanquished Creatures
  2 gnolls (D:2)
  2 dart slugs (D:1)
  A giant cockroach (D:1)
  5 goblins
  A hobgoblin (D:2)
  2 jackals (D:1)
  3 kobolds (D:1)
  A ball python (D:1)
  6 bats
  A frilled lizard (D:2)
  3 rats (D:1)
27 creatures vanquished.

Notes
Turn   | Place    | Note
-------+----------+-------------------------------------------
     0 | D:1      | Somefellow the Troll Fighter began the quest for the Orb.
     0 | D:1      | Reached XP level 1. HP: 22/22 MP: 0/0
    38 | D:1      | Reached XP level 2. HP: 29/29 MP: 1/1
   537 | D:2      | Reached XP level 3. HP: 32/36 MP: 2/2
   565 | D:2      | Reached skill level 3 in Fighting
   575 | D:2      | HP: 1/37 [gnoll/spear (6)]
   577 | D:2      | Slain by a gnoll

Skill      XL: |  1  2  3 |
---------------+----------+-----
Fighting       | 3 |  3.0
Dodging        | |  2.7
Shields        | |  2.6
Unarmed Combat | |  2.6

Action                   || total
-------------------------++-------
Melee: Unarmed           ||    76
  Eat: Chunk             ||    11
Armor: Robe              ||    23
Dodge: Dodged            ||    14
Block: Shield            ||    47
